Map: Inside and Out

Players

Dolan

  • Race: Terran Terran
  • Spawn Location: 7:00

Future - Winner!

  • Race: Terran Terran
  • Spawn Location: 1:00

Event: DreamHack SC2 Masters 2022 Atlanta (Offline)

VOD

Have the link to the VOD?

Description

Time

  • Played on: Nov. 18, 2022, 4:39 p.m.
  • Length: 19:30

All games in this series

Show
View Real Time Build Order
Export as new Build Order

Dolan Terran 

Build Orders: Mech 

Get SALT Encoding   

  12  0:00  SCV  
  13  0:12  SCV  
  14  0:16  Supply Depot  
  14  0:24  SCV  
  15  0:38  SCV, Barracks  
  15  0:42  Refinery  
  16  0:50  SCV  
  16  0:52  Refinery  
  17  1:02  SCV  
  18  1:14  SCV  
  19  1:25  Reaper  
  20  1:26  Orbital Command  
  20  1:28  Supply Depot  
  20  1:42  Factory  
  20  1:51  SCV  
  21  1:57  Reaper  
  21  1:59  Bunker  
  22  2:19  SCV  
  20  2:40  Hellion  
  20  2:42  Starport  
  22  2:45  Reaper  
  22  2:47  SCV  
  22  2:48  Supply Depot  
  24  2:59  SCV  
  24  3:03  Hellion  
  27  3:17  Reaper  
  27  3:18  Medivac  
  30  3:26  Factory Tech Lab  
  30  3:32  Command Center  
  30  3:34  SCV  
  28  4:02  Siege Tank  
  31  4:05  SCV  
  31  4:07  Barracks Reactor  
  32  4:17  SCV  
  32  4:22  Command Center  
  27  4:48  Marine  
  27  4:49  Cyclone, Marine  
  27  4:50  SCV  
  31  5:02  SCV  
  32  5:10  Viking x2  
  36  5:15  SCV  
  37  5:27  SCV  
  38  5:29  Siege Tank  
  38  5:35  Refinery, Orbital Command  
  41  5:39  SCV, Orbital Command  
  42  5:43  Viking  
  42  5:45  Viking  
  46  5:51  SCV  
  47  6:01  SCV  
  47  6:03  SCV  
  49  6:08  Siege Tank  
  49  6:10  SCV  
  53  6:13  SCV  
  53  6:15  SCV  
  55  6:20  Viking x2  
  58  6:30  SCV x3  
  58  6:38  Refinery  
  58  6:39  Supply Depot  
  58  6:42  SCV x3  
  58  6:44  Siege Tank  
  64  6:48  Supply Depot  
  64  6:54  SCV x2  
  64  6:55  SCV  
  64  6:58  Viking  
  60  7:01  Viking  
  69  7:07  SCV x3  
  74  7:12  Supply Depot  
  74  7:14  Orbital Command  
  74  7:16  Factory  
  74  7:17  Factory  
  74  7:19  SCV x2  
  76  7:28  Siege Tank  
  79  7:30  Barracks Reactor, Refinery  
  79  7:31  SCV x2  
  79  7:32  Refinery  
  81  7:40  SCV  
  81  7:42  Viking  
  81  7:43  Viking  
  81  7:44  SCV x2  
  87  7:52  SCV  
  87  7:56  SCV x2  
  88  8:04  SCV  
  89  8:06  Siege Tank  
  89  8:07  Factory Tech Lab  
  89  8:08  SCV  
  93  8:18  Supply Depot, Armory  
  93  8:19  Supply Depot  
  93  8:21  Factory  
  93  8:25  Factory  
  93  8:39  SCV x3  
  93  8:40  Siege Tank  
  102  8:52  Liberator  
  100  9:03  Siege Tank  
  100  9:04  SCV x3  
  100  9:07  Command Center  
  106  9:10  Factory Tech Lab, Factory Reactor  
  106  9:15  Viking  
  108  9:23  SCV  
  109  9:38  Supply Depot, SCV x2, Siege Tank x2  
  117  9:39  Supply Depot  
  117  9:43  SCV  
  117  9:57  SCV, Hellion  
  120  10:00  SCV, Hellion  
  120  10:07  Siege Tank  
  120  10:08  Hellion x2, Viking x2  
  120  10:09  SCV x2  
  133  10:15  Terran Vehicle And Ship Armor Level 1  
  133  10:16  Armory  
  133  10:18  SCV, Siege Tank x2  
  133  10:19  Supply Depot  
  133  10:20  Supply Depot  
  133  10:21  SCV x2  
  142  10:30  Hellion x2  
  146  10:36  Command Center  
  146  10:37  Hellion  
  146  10:41  Hellion  
  150  10:46  SCV x3  
  150  10:47  Supply Depot  
  150  10:48  Engineering Bay  
  153  10:51  Siege Tank x2  
  153  10:53  Viking x2  
  163  10:59  Hellion, Siege Tank  
  157  11:13  Hellion x3  
  163  11:22  Hellion  
  160  11:30  Refinery x2  
  160  11:32  Liberator x2  
  164  11:47  SCV x3  
  166  11:48  Terran Vehicle Weapons Level 1  
  166  11:51  Refinery  
  166  11:52  Refinery  
  167  11:58  Siege Tank  
  167  11:59  Thor, Siege Tank  
  167  12:00  Hellion x4  
  187  12:10  SCV x2  
  187  12:19  SCV, Planetary Fortress  
  186  12:28  Factory  
  186  12:29  Factory  
  186  12:30  Supply Depot, Factory  
  186  12:33  Sensor Tower  
  186  12:39  SCV  
  180  12:47  Supply Depot  
  180  12:51  Siege Tank  
  180  12:52  Hellion x2  
  180  12:57  Command Center  
  187  13:09  Hellion x2, Siege Tank  
  187  13:11  Viking, Terran Vehicle And Ship Armor Level 2  
  196  13:13  Supply Depot  
  196  13:25  Sensor Tower  
  196  13:28  Smart Servos, Infernal Pre-Igniter  
  196  13:30  Factory Tech Lab x2, Factory Reactor  
  196  13:35  Siege Tank  
  156  13:48  Siege Tank  
  156  13:49  Hellion x3, Siege Tank  
  156  13:50  Hellion  
  135  14:02  Mag-Field Accelerator  
  120  14:03  Cyclone  
  120  14:04  Cyclone  
  120  14:07  Siege Tank  
  129  14:11  Hellion  
  129  14:15  Sensor Tower  
  129  14:17  Sensor Tower  
  131  14:21  Cyclone x2  
  126  14:25  Hellion x2  
  126  14:26  Hellion x2  
  126  14:27  SCV x3  
  133  14:35  Cyclone  
  128  14:50  Cyclone x2, Hellion x3  
  128  14:51  Hellion  
  133  14:52  Terran Vehicle Weapons Level 2  
  133  14:58  Cyclone x2, Hellion x2  
  143  15:00  Missile Turret  
  143  15:02  Missile Turret  
  143  15:05  Hi-Sec Auto Tracking  
  143  15:07  Cyclone  
  146  15:14  Hellion x2  
  146  15:15  Hellion x2  
  146  15:17  Liberator x2  
  146  15:19  Planetary Fortress  
  159  15:30  Terran Vehicle And Ship Armor Level 3  
  159  15:32  Hellion  
  161  15:36  Refinery  
  161  15:40  Refinery  
  145  15:43  Cyclone x2, Hellion  
  145  15:48  Cyclone  
  150  15:55  Siege Tank x2  
  145  16:20  Cyclone, Siege Tank  
  145  16:21  Cyclone, Hellion x2  
  154  16:40  Supply Depot  
  154  16:48  SCV x5  
  154  16:51  Hellion x3, Siege Tank x2  
  154  16:52  Hellion  
  173  17:00  SCV  
  114  17:14  Hellion, Siege Tank x3  
  115  17:15  Hellion  
  115  17:16  Hellion x3  
  115  17:19  Hellion  
  115  17:23  Cyclone, Siege Tank  
  118  17:46  Cyclone x2, Siege Tank  
  119  17:54  Hellion x3  
  119  17:55  Siege Tank x2  
  119  17:58  Hellion  
  126  18:00  Hellion  
  126  18:01  Hellion  
  121  18:15  Hellion x3  
  121  18:18  Siege Tank x2  
  125  18:29  Siege Tank x3  
  133  18:38  Hellion x2  
  137  18:44  Hellion x2  
  137  18:45  Hellion  
  143  18:51  Cyclone x2  
  125  19:07  Hellion  
Show
View Real Time Build Order
Export as new Build Order

Future Terran - Winner!

Build Orders: Mech 

Get SALT Encoding   

  12  0:00  SCV  
  13  0:12  SCV  
  14  0:18  Supply Depot  
  14  0:40  Barracks, Refinery  
  14  0:54  Barracks  
  14  0:59  SCV  
  15  1:11  SCV  
  16  1:23  SCV  
  17  1:26  Reaper  
  18  1:35  Orbital Command  
  18  1:37  Refinery  
  18  1:42  Reaper  
  19  1:56  Supply Depot  
  19  2:01  Reaper, SCV  
  21  2:13  SCV  
  21  2:14  Reaper  
  23  2:25  SCV  
  23  2:38  SCV  
  23  2:39  Factory  
  24  2:50  SCV  
  25  2:59  Command Center  
  25  3:02  SCV  
  26  3:14  SCV  
  27  3:22  Factory Tech Lab  
  27  3:26  SCV, Starport  
  28  3:33  Supply Depot  
  28  3:38  SCV  
  28  3:51  SCV  
  28  3:54  Cyclone  
  30  4:03  SCV  
  30  4:05  Viking  
  30  4:07  Barracks Reactor  
  33  4:11  Orbital Command  
  33  4:15  SCV  
  34  4:20  Command Center  
  33  4:36  SCV  
  28  4:42  Orbital Command  
  25  4:49  SCV  
  26  4:56  Starport Tech Lab  
  26  5:01  SCV  
  26  5:03  Marine  
  26  5:04  Marine  
  29  5:07  Siege Tank  
  29  5:10  SCV  
  29  5:13  SCV  
  34  5:16  Raven  
  36  5:22  SCV  
  36  5:25  Refinery, SCV  
  38  5:32  Orbital Command  
  38  5:34  SCV  
  39  5:38  SCV  
  39  5:41  Siege Tank  
  43  5:46  SCV  
  43  5:49  Marine x2  
  46  5:50  SCV  
  47  5:58  SCV  
  47  6:00  Refinery  
  47  6:02  SCV x2  
  50  6:07  Marine x2  
  50  6:08  Raven  
  54  6:13  SCV  
  54  6:14  SCV x2  
  57  6:25  SCV  
  57  6:26  SCV x2  
  57  6:27  Siege Tank  
  57  6:30  Marine x2  
  62  6:37  Supply Depot, SCV  
  62  6:38  Supply Depot, SCV x2  
  65  6:51  SCV  
  65  6:52  SCV  
  67  6:54  Orbital Command  
  67  7:01  Siege Tank  
  70  7:03  SCV  
  70  7:04  SCV, Viking x2  
  70  7:05  Supply Depot  
  70  7:07  Factory  
  76  7:15  Barracks Reactor  
  76  7:16  SCV x2  
  76  7:17  Factory  
  76  7:20  SCV  
  79  7:28  SCV x2  
  81  7:32  SCV  
  81  7:36  Supply Depot, Refinery  
  82  7:37  Viking x2  
  82  7:39  Refinery  
  82  7:40  SCV x2  
  82  7:44  SCV, Siege Tank  
  92  7:52  SCV  
  92  7:58  Supply Depot, SCV x2, Siege Tank  
  98  8:03  Supply Depot  
  98  8:04  SCV  
  99  8:10  SCV x2  
  99  8:11  Hellion  
  101  8:19  Supply Depot  
  101  8:20  Viking, Hellion, Siege Tank, SCV  
  101  8:21  Viking  
  101  8:22  Supply Depot, SCV  
  101  8:25  SCV  
  113  8:32  SCV  
  112  8:39  SCV x2, Armory  
  112  8:40  Hellion  
  116  8:41  Siege Tank  
  116  8:44  SCV  
  118  8:52  Siege Tank  
  117  9:04  Hellion x2  
  121  9:11  Factory  
  121  9:12  Factory  
  121  9:15  Command Center  
  121  9:17  Viking x2  
  128  9:27  Thor x2  
  128  9:29  Hellion  
  139  9:47  Terran Vehicle Weapons Level 1  
  139  9:51  Armory  
  139  9:54  Supply Depot  
  139  9:55  Supply Depot  
  139  9:56  Supply Depot  
  139  10:01  Supply Depot, Engineering Bay  
  139  10:05  Factory Tech Lab, Factory Reactor  
  133  10:14  Thor  
  133  10:15  Thor, Hellion  
  133  10:16  Hellion  
  133  10:18  Viking x2  
  153  10:31  SCV x2  
  153  10:33  SCV  
  156  10:41  Sensor Tower  
  156  10:43  SCV x2  
  156  10:44  Mag-Field Accelerator, Infernal Pre-Igniter  
  156  10:45  SCV  
  156  10:47  Hellion  
  156  10:48  Hellion x2  
  156  10:49  Hellion  
  167  10:52  Refinery  
  167  10:54  Sensor Tower  
  167  10:55  Refinery, SCV  
  167  10:56  SCV  
  166  10:57  SCV  
  163  11:05  Thor  
  163  11:11  SCV  
  163  11:12  SCV  
  163  11:15  Thor, SCV  
  169  11:28  Thor  
  168  11:36  Hellion x3  
  168  11:37  Planetary Fortress  
  173  11:40  SCV  
  173  11:41  SCV  
  175  11:48  Barracks Reactor  
  175  11:49  Factory  
  175  11:50  SCV, Factory  
  175  11:52  SCV  
  177  11:54  Hellion x12, Siege Tank  
  177  11:56  Factory  
  180  12:02  SCV  
  180  12:03  Command Center  
  181  12:11  SCV  
  181  12:12  SCV  
  181  12:15  Siege Tank  
  186  12:16  Terran Vehicle Weapons Level 2  
  186  12:17  Terran Vehicle And Ship Armor Level 1  
  186  12:31  Command Center  
  186  12:34  Siege Tank  
  186  12:40  Siege Tank  
  187  12:45  Factory Tech Lab  
  187  12:46  Factory Tech Lab  
  187  13:05  Command Center x2  
  187  13:07  Command Center  
  187  13:11  Supply Depot  
  187  13:12  Siege Tank x3  
  196  13:15  Smart Servos  
  196  13:16  Drilling Claws  
  196  13:20  Hellion x7  
  196  13:28  Command Center  
  190  13:46  Siege Tank x4  
  190  13:47  Siege Tank  
  190  13:48  Hellion  
  185  13:55  Hellion x3  
  150  14:02  Liberator x2  
  128  14:05  Planetary Fortress, Orbital Command  
  128  14:08  Refinery x2, Missile Turret  
  128  14:09  Hellion  
  136  14:12  SCV  
  136  14:13  SCV x3  
  136  14:16  Hellion  
  133  14:29  Siege Tank x3  
  133  14:30  Siege Tank x2  
  134  14:32  Hellion x2  
  115  14:54  Hellion x3  
  115  14:55  Viking  
  115  14:56  Viking  
  122  15:01  Siege Tank, Orbital Command  
  122  15:02  Orbital Command  
  122  15:04  Siege Tank  
  122  15:05  Siege Tank x3  
  137  15:08  Hellion  
  139  15:15  Hellion  
  143  15:21  Hellion x2  
  143  15:25  SCV x3  
  143  15:26  SCV  
  145  15:28  Viking x2  
  145  15:33  Siege Tank  
  152  15:37  Siege Tank  
  141  15:43  Siege Tank x2  
  141  15:44  Siege Tank  
  141  15:49  Hellion x4  
  145  16:05  Siege Tank  
  145  16:06  Terran Vehicle Weapons Level 3, Terran Vehicle And Ship Armor Level 2  
  145  16:09  Siege Tank  
  145  16:10  Hellion  
  151  16:15  Cyclone x2  
  151  16:16  Cyclone, Hellion x2  
  164  16:21  Hellion  
  166  16:30  Orbital Command  
  158  16:36  Hellion  
  158  16:37  Cyclone  
  163  16:40  Hellion x2  
  163  16:41  Cyclone  
  163  16:43  Liberator x2  
  176  16:47  Cyclone  
  176  16:49  Cyclone x2  
  176  16:50  Hellion  
  173  17:03  Hellion, Sensor Tower  
  173  17:04  Refinery x2  
  153  17:09  Cyclone  
  153  17:13  Siege Tank  
  148  17:16  Hellion x3  
  148  17:19  Siege Tank  
  148  17:21  Factory, Siege Tank x2  
  163  17:24  Command Center  
  163  17:27  Planetary Fortress  
  163  17:32  SCV x2  
  165  17:41  Cyclone  
  166  17:45  Cyclone  
  166  17:49  SCV x3  
  166  17:51  Cyclone, SCV x3  
  162  17:52  SCV x2  
  162  17:53  Cyclone x2  
  174  17:58  SCV  
  174  18:01  SCV x3  
  174  18:02  Hellion x4  
  174  18:04  Factory Tech Lab  
  186  18:13  Cyclone  
  186  18:14  SCV x2  
  186  18:17  Cyclone  
  186  18:18  Command Center  
  194  18:20  Command Center  
  194  18:23  Cyclone, Hellion x2  
  194  18:25  Cyclone  
  199  18:30  SCV  
  196  18:50  Cyclone  
  179  19:05  Hellion x3  
Tags
 
Add a new tag
Caveats
  • Supply blocks, unpowered buildings, or Contaminate may cause inaccurate times.
  • Supply counts are checked every 10 seconds.